 Dungeon Crawl Stone Soup version 0.24.1-8-ga250c9d538 (webtiles) character file.

Game seed: 9912820237367778443, levelgen mode: deterministic

99 Peloso the Skirmisher (level 4, -5/40 HPs)
             Began as a Draconian Fighter on May 7, 2020.
             Slain by a gnoll
             ... wielding a +0 flail
              (7 damage)
             ... on level 1 of the Dungeon.
             The game lasted 00:04:21 (2025 turns).

Peloso the Skirmisher (Draconian Fighter)           Turns: 2025, Time: 00:04:22

Health: -5/40      AC:  5    Str: 19    XL:     4   Next: 45%
Magic:  4/4        EV: 10    Int:  9    God:
Gold:   116        SH:  9    Dex: 10    Spells: 3/3 levels left

rFire    . . .     SeeInvis .   a - +0 long sword
rCold    . . .     Gourm    .   b - +0 shield
rNeg     . . .     Faith    .   (armour unavailable)
rPois    .         Spirit   .   (helmet restricted)
rElec    .         Reflect  .   (no cloak)
rCorr    .         Harm     .   (no gloves)
MR       .....                  (no boots)
Stlth    +.........             (no amulet)
HPRegen  0.13/turn              (no ring)
MPRegen  0.09/turn              (no ring)

@: no status effects
A: unfitting armour, cold-blooded, AC +5
a: no special abilities


You were on level 1 of the Dungeon.
You were not hungry.

You visited 1 branch of the dungeon, and saw 3 of its levels.

You collected 116 gold pieces.

Inventory:

Hand Weapons
 a - a +0 long sword (weapon)
Armour
 b - a +0 shield (worn)
Jewellery
 e - a cursed ring of attention {unknown}
Scrolls
 f - a scroll of identify {unknown}
 g - a scroll of blinking {unknown}
 h - a scroll of immolation {unknown}
 j - a scroll of fog {unknown}
 m - a scroll of amnesia {unknown}
Potions
 c - a potion of might
 i - a potion of haste {unknown}
 k - a potion of heal wounds {unknown}
Comestibles
 d - 8 rations


   Skills:
 + Level 4.2 Fighting
 + Level 2.8 Long Blades
 + Level 3.0 Dodging
 + Level 0.1 Stealth
 + Level 3.8 Shields


You had 3 spell levels left.
You didn't know any spells.
Your spell library was empty.

Dungeon Overview and Level Annotations

Branches:
Dungeon (3/15)

Altars:
Trog
Zin


Innate Abilities, Weirdness & Mutations

Your plain brown scales are hard. (AC +5)
You cannot fit into any form of body armour.
You are cold-blooded and may be slowed by cold attacks.


Message History

The gnoll closely misses you.
You closely miss the gnoll.
Your tail-slap misses the gnoll.
The gnoll is severely wounded.
You block the gnoll's attack.
Your shield prevents you from hitting the gnoll.
The gnoll is severely wounded.
You block the gnoll's attack.
You hit the gnoll.
The gnoll is almost dead.
The gnoll hits you with a +0 flail!
* * * LOW HITPOINT WARNING * * *
You barely miss the gnoll.
The gnoll is almost dead.
You block the gnoll's attack.
You slash the gnoll!
You kill the gnoll!
You closely miss the gnoll.
The gnoll is lightly wounded.
The gnoll hits you with a +0 flail!
You die...

####### ######## #.....#
#......# #.....# #......#
#.....####
#......#############.^......###
#...........gg@................
#####....###########........###
#....# #####....# #....#
###....# #####....#####
#......# #..[...>.....##
#.....## #.##########..#
#.....# #.#...# ##.## #.....#
#.#.#.# #..# #.....#


You could see a gnoll and a hobgoblin.

Vanquished Creatures
  A jelly (D:2)
  A gnoll (D:1)
  2 adders (D:2)
  2 dart slugs (D:2)
  5 leopard geckos (D:2)
  3 ball pythons
  2 giant cockroaches
  5 goblins
  2 hobgoblins (D:2)
  7 bats
  6 frilled lizards
  2 kobolds (D:2)
  2 rats
40 creatures vanquished.

Notes
Turn   | Place    | Note
-------+----------+-------------------------------------------
     0 | D:1      | Peloso the Draconian Fighter began the quest for the Orb.
     0 | D:1      | Reached XP level 1. HP: 19/19 MP: 1/1
   412 | D:1      | Reached XP level 2. HP: 26/26 MP: 2/2
   626 | D:2      | Reached skill level 4 in Fighting
   714 | D:2      | Reached XP level 3. HP: 33/33 MP: 3/3
  1245 | D:2      | Reached XP level 4. HP: 21/40 MP: 4/4
  1285 | D:2      | Found a glowing silver altar of Zin.
  1928 | D:2      | Found a bloodstained altar of Trog.
  2022 | D:1      | HP: 2/40 [gnoll/+0 flail (7)]
  2025 | D:1      | Slain by a gnoll

Levels and vault maps discovered:
D:1:      minmay_arrival_shattered_statue, layout_basic,
          minmay_shallow_snake_nest
D:2:      minmay_door_path, layout_basic, nicolae_overflow_hidden_temple,
          lightli_temple_of_fire
D:3:      layout_basic, lemuel_crystal_altar

Skill      XL: |  1  2  3 |
---------------+----------+-----
Fighting       | 4 |  4.2
Dodging        | 3 |  3.0
Long Blades    | |  2.8
Stealth        | |  0.1
Shields        | |  3.8

Action                   |  1- 3 |  4- 6 || total
-------------------------+-------+-------++-------
Melee: Long sword        |    90 |    37 ||   127
       Tailslap          |     8 |     5 ||    13
  Use: Potion            |     1 |       ||     1
 Stab: Sleeping          |     1 |       ||     1
  Eat: Chunk             |     1 |     3 ||     4
Armor: Skin              |    24 |     9 ||    33
Dodge: Dodged            |    50 |    21 ||    71
Block: Shield            |    74 |    33 ||   107
       Rpst.: Long sword |    15 |     8 ||    23
